 Dungeon Crawl Stone Soup version 0.18-a0-1468-gaf180a1 (webtiles) character file.

167725 namelastname112 the Black Belt (level 17, -6/150 HPs)
             Began as a Pale Draconian Monk on Mar 1, 2016.
             Was a High Priest of Ru.
             Mangled by an alligator (22 damage)
             ... on level 4 of the Swamp.
             The game lasted 01:49:05 (56107 turns).

namelastname112 the Black Belt (DrMo)              Turns: 56107, Time: 01:49:05

Health: -6/150     AC: 21    Str: 15    XL:     17   Next: 32%
Magic:  29/29      EV: 20    Int:  9    God:    Ru [*****.]
Gold:   2339       SH:  8    Dex: 22    Spells: 3 memorised, 23 levels left

rFire  + + .     SeeInvis .       - Unarmed
rCold  + + .     Gourm    .     (armour unavailable)
rNeg   . . .     Faith    +     S - +2 buckler {AC+3}
rPois  .         Spirit   .     z - +1 hat
rElec  .         Dismiss  .     K - +2 cloak {rC+}
rCorr  .         Reflect  .     M - +1 pair of gloves {Dex+3}
SustAt .         Harm     .     R - +2 pair of boots of the Assassin {DetectMon Stab+ Stlth++}
MR     ++...                    c - amulet of faith
Stlth  ++++++....               Q - ring of wizardry
                                o - ring of protection from cold

@: exhausted, studying Stealth, drained, very resistant to hostile enchantments,
very stealthy
A: breathe steam, unfitting armour, beak, talons 1, blink, dopey 1, fire
resistance 2, magic resistance 1, screaming 2, no device heal 1, cold-blooded,
hated by all, reduced EV 1, unskilled 1, inexperienced 1, AC +9
a: Breathe Steam, Blink, Draw Out Power, Power Leap, Apocalypse, Renounce
Religion


You were on level 4 of the Swamp.
You worshipped Ru.
Ru was extremely pleased with you.
You were not hungry.

You visited 6 branches of the dungeon, and saw 33 of its levels.
You also visited: Labyrinth, Sewer, Ossuary and Ice Cave.

You collected 2981 gold pieces.
You spent 642 gold pieces at shops.

Inventory:

Armour
 z - a +1 hat (worn)
 K - a +2 cloak of cold resistance (worn)
 M - a +1 pair of gloves of dexterity (worn)
 R - the +2 pair of boots of the Assassin (worn) {DetectMon Stab+ Stlth++}
   (You found it in a labyrinth)

   It makes you much more stealthy.
 S - a +2 buckler of protection (worn)
 Z - the +2 shield of Nione {rCorr Str+3}
   (You acquired it on level 2 of the Elven Halls)

   It affects your strength (+3).
   It protects you from acid and corrosion.
Rods
 I - a +1 rod of inaccuracy (13/13)
   (You took it off a gnoll on level 6 of the Dungeon)
 O - a +7 rod of inaccuracy (13/13)
   (You found it in a labyrinth)
Jewellery
 c - an amulet of faith (around neck)
 o - a ring of protection from cold (left hand)
 L - an uncursed ring of protection from fire
 Q - a ring of wizardry (right hand)
Wands
 h - a wand of acid (8/15)
 i - a wand of disintegration (4/24)
 p - a wand of iceblast (5/15)
 u - a wand of iceblast (4/15)
 x - a wand of iceblast (4/15)
 y - a wand of teleportation (1/9)
 B - a wand of iceblast (5/15)
 D - a wand of iceblast (0/15)
 E - a wand of hasting (6/9)
 H - a wand of iceblast (4/15)
 J - a wand of iceblast (8/15)
 P - a wand of iceblast (10/15)
 T - a wand of paralysis (21/24)
Scrolls
 b - 2 scrolls of holy word
 d - 10 scrolls of remove curse
 f - 3 scrolls of recharging
 j - 2 scrolls of teleportation
 m - 3 scrolls of brand weapon
 s - 5 scrolls of enchant armour
 G - 13 scrolls of identify
 W - 2 scrolls of amnesia
 X - a scroll of magic mapping
Potions
 e - 2 potions of might
 g - a potion of ambrosia
 k - 4 potions of haste
 q - 6 potions of flight
 r - 6 potions of brilliance
 t - 6 potions of curing
 v - a potion of invisibility
 w - 4 potions of magic
 A - 2 potions of cancellation
 U - 3 potions of cure mutation
 V - 3 potions of lignification
 Y - a potion of agility
Books
 C - a manual of Stealth
 F - a book of Ice

   Spells                             Type                      Level
   a - Ice Form                       Ice/Transmutation            4
   b - Metabolic Englaciation         Hexes/Ice                    5
   c - Ozocubu's Refrigeration        Ice                          6
   d - Bolt of Cold                   Conjuration/Ice              6
   e - Freezing Cloud                 Conjuration/Ice/Air          6
   f - Simulacrum                     Ice/Necromancy               6
 N - Sif Muna's Almanac of Boosts
   (You found it in a labyrinth)

   Spells                             Type                      Level
   a - Swiftness                      Charms/Air                   2
   b - Shroud of Golubria             Charms/Translocation         2
   c - Deflect Missiles               Charms/Air                   6
   d - Ring of Flames                 Charms/Fire                  7
Comestibles
 a - 22 bread rations
 l - 4 meat rations
 n - 57 fruits


   Skills:
 - Level 13.3(12.7) Fighting
 - Level 11.3(10.8) Dodging
 - Level 11.0(10.4) Stealth
 - Level 4.3(3.8) Shields
 - Level 16.3(15.7) Unarmed Combat
 - Level 8.8(8.2) Spellcasting
 * Level 12.6(12.0) Transmutations
 - Level 8.0(7.5) Evocations


You had 23 spell levels left.
You knew the following spells:

 Your Spells              Type           Power        Failure   Level  Hunger
a - Hydra Form            Trmt           ####......   9%          6    #######
b - Regeneration          Chrm/Necr      #.........   26%         3    ###....
c - Apportation           Tloc           #.........   7%          1    None


Dungeon Overview and Level Annotations

Branches:
Dungeon (15/15)            Temple (1/1) D:5            Lair (8/8) D:10
  Swamp (4/4) Lair:6       Spider (0/4) Lair:6        Slime (0/6) Lair:6
    Orc (2/2) D:12            Elf (3/3) Orc:2        Vaults (0/5) D:14
 Depths (0/5) D:15

Altars:
Ashenzari
Cheibriados
Dithmenos
Elyvilon
Fedhas
Gozag
Kikubaaqudgha
Makhleb
Nemelex Xobeh
Okawaru
Pakellas
Qazlal
Ru
Sif Muna
Trog
Vehumet
Xom
Yredelemnul
Zin
The Shining One
Beogh

Shops:
D:4 %   Orc:2 ([:([   Elf:1 %

Portals:
Hell: Lair:8

Annotations:
D:5 1 runed door
Elf:2 5 runed doors
Elf:3 Noname's ghost, veteran GrMo


Innate Abilities, Weirdness & Mutations

You can breathe blasts of scalding, opaque steam.
Your pale cyan-grey scales are hard (AC +9).
Your body does not fit into most forms of armour.
You are dopey. (Int -2)
Potions and wands are less effective at restoring your health.
You are cold-blooded and may be slowed by cold attacks.
You are hated by all.
You have somewhat slow reflexes. (EV -3)
You are somewhat unskilled (-1 Apt).
You are somewhat inexperienced (-2 XL).
You have a beak for a mouth.
You have sharp toenails.
You can translocate small distances at will.
Your flesh is very heat resistant.
You are resistant to hostile enchantments.
You sometimes yell uncontrollably at your foes.


Message History

You nip at the alligator.
The alligator is heavily wounded.
The alligator bites you!!
* * * LOW HITPOINT WARNING * * *
The alligator tail-slaps you!
* * * LOW HITPOINT WARNING * * *
The alligator bites you.
* * * LOW HITPOINT WARNING * * *
The alligator closely misses you.
Your transformation has ended.
Your +2 cloak of cold resistance unmelds from your body.
Your +1 hat unmelds from your body.
Your +1 pair of gloves of dexterity unmelds from your body.
The +2 pair of boots of the Assassin {DetectMon Stab+ Stlth++} unmelds from your body.
Your +2 buckler of protection unmelds from your body.
You feel resistant to cold.
You feel agile.
You feel protected. The alligator bites you!!
You die...

#.≈###♣.≈.≈≈....≈..♣♣♣♣♣ ♣♣≈≈≈
{#♣..≈.≈...).....≈≈≈.≈♣≈♣♣♣♣.≈≈≈
{#≈♣≈..≈.≈..≈.........≈..♣♣.≈≈≈.
♣.≈....≈..≈.≈..≈♣≈≈.♣≈♣≈♣≈≈≈.≈
#"≈###♣.≈.≈.≈......≈.♣♣♣♣≈.≈.≈≈
#≈}# ♣♣≈..≈..≈..≈.)..♣ ♣♣♣<[≈≈
#≈.# ♣....≈....≈.....♣ ♣.≈§≈ ≈≈#
♣♣≈....t.♣≈♣...≈♣ ♣♣.≈≈≈ .#
♣.≈..≈@.≈.......♣♣.≈≈≈≈ #
♣..≈§≈..≈♣.≈..♣.♣♣♣≈≈..≈
♣....≈.≈...≈♣♣♣ ♣♣♣≈≈♣
♣♣≈.§......♣♣ ♣♣♣♣ ♣≈≈..≈....♣
♣≈.≈♣....♣♣ ♣.≈.§♣♣≈.♣♣ ♣♣..≈
.♣♣♣


You could see an alligator.

Vanquished Creatures
  Saint Roka (Orc:2)
  Nikola (Swamp:3)
  An Ice Fiend (IceCv)
  2 thorn hunters
  An orc warlord (D:12)
  The ghost of namelastname112 the Brawler, a journeyman DrMo of Ashenzari (D:13)
  A deep elf demonologist (Elf:1)
  A deep elf annihilator (Elf:2)
  3 dire elephants (Lair:8)
  A minotaur (Lab)
  A vault guard (D:13)
  A fire dragon (D:10)
  A deep elf death mage (Elf:2)
  A rakshasa (D:15)
  The ghost of utis the Fighter, a novice OgBe of Trog (D:8)
  4 ghost crabs
  A hell beast (Lair:8)
  18 hydras
  Erica (D:10)
  2 centaur warriors (D:14)
  5 alligators
  2 catoblepae
  5 dancing weapons
  17 death yaks
  2 tengu warriors
  Urug (Lair:1)
  13 deep elf knights
  3 skeletal warriors (D:14)
  Nergalle (Lair:1)
  A giant orange brain (D:15)
  A fire crab (shapeshifter) (D:15)
  14 swamp dragons
  14 deep elf archers
  5 unseen horrors
  3 spriggan druids
  6 hill giants
  Pikel (D:5)
  A shambling mangrove (Swamp:3)
  3 orc knights
  3 wizards
  4 orc sorcerers
  39 deep elf magi
  18 ugly things
  3 cyclopes
  4 manticores
  2 griffons
  10 elephants
  4 black mambas
  An ice statue (IceCv)
  A torpor snail (Lair:7)
  3 orange demons (Lair:8)
  29 spiny frogs
  2 gargoyles
  2 kobold demonologists
  A yaktaur (D:14)
  2 rime drakes
  2 golden dragon simulacra (IceCv)
  4 anaconda simulacra (IceCv)
  10 ice devils
  7 komodo dragons
  A hellwing (Lair:8)
  4 freezing wraiths
  3 red devils (Lair:8)
  9 trolls
  3 tengu conjurers
  A queen bee (Lair:4)
  6 giant leeches
  2 jumping spiders (Lair:6)
  35 slime creatures
  Prince Ribbit (D:7)
  22 blink frogs
  8 bog bodies
  A hornet zombie (D:15)
  A boulder beetle (shapeshifter) (D:14)
  12 spriggans
  A dire elephant simulacrum (IceCv)
  A spriggan (shapeshifter) (D:15)
  7 shadows
  3 air elementals
  A wyvern (Lair:5)
  3 wraiths
  6 redbacks
  3 water elementals
  9 basilisks
  58 yaks
  Grum (D:10)
  A steam dragon (D:9)
  10 hippogriffs
  5 hungry ghosts
  4 harpy simulacra (IceCv)
  An iron troll simulacrum (IceCv)
  12 vampire mosquitoes
  7 wolves
  3 wargs
  A soldier ant (shapeshifter) (D:14)
  A hell hound (Lair:8)
  12 insubstantial wisps
  19 swamp worms
  4 hydra simulacra (IceCv)
  14 water moccasins
  Duvessa (D:5)
  14 swamp drakes
  10 porcupines
  Purgy (Sewer)
  An alligator simulacrum (IceCv)
  44 orc warriors
  5 sky beasts
  2 phantoms
  2 ice beasts (D:9)
  4 slaves (D:5)
  11 ogres
  A necrophage (D:11)
  2 ettin simulacra (IceCv)
  3 boggarts (D:14)
  16 wasps
  16 crocodiles
  3 centaurs
  14 big kobolds
  16 giant frogs
  An earth elemental (Elf:2)
  A water moccasin zombie (D:12)
  Dowan (D:5)
  A water moccasin skeleton (D:9)
  7 scorpions
  A wyvern skeleton (D:10)
  An elephant simulacrum (IceCv)
  22 killer bees
  3 spriggan skeletons (D:9)
  7 howler monkeys
  9 electric eels
  4 crimson imps
  6 giant frog zombies
  3 centaur zombies
  2 jellies
  2 quasits (D:7)
  2 draconian simulacra (IceCv)
  6 hounds
  30 orc priests
  22 orc wizards
  5 centaur skeletons
  A giant frog skeleton (D:13)
  5 iguanas
  3 spriggan simulacra (IceCv)
  14 worker ants
  11 hell rats
  A polar bear simulacrum (IceCv)
  A troll simulacrum (IceCv)
  10 sheep
  3 centaur simulacra (IceCv)
  A hound skeleton (D:5)
  3 mummies (Ossuary)
  A worker ant zombie (D:8)
  10 adders
  8 gnolls
  4 naga simulacra (IceCv)
  2 ogre simulacra (IceCv)
  73 river rats
  8 white imps (IceCv)
  2 ufetubi (IceCv)
  An ooze (D:2)
  4 adder zombies (Ossuary)
  2 adder skeletons
  4 worms
  A dart slug (D:3)
  3 giant geckos
  91 orcs
  2 ball pythons (D:3)
  14 giant cockroaches
  9 goblins
  6 hobgoblins
  5 jackals
  35 kobolds
  3 quokkas
  8 bats
  6 giant newts
  3 gnoll zombies (Ossuary)
  2 goblin zombies (Ossuary)
  3 hobgoblin zombies (Ossuary)
  A jackal skeleton (D:5)
  4 kobold zombies (Ossuary)
  27 rats
  2 rat zombies (Ossuary)
  A butterfly (D:5)
  A plant (Lair:8)
1290 creatures vanquished.

Vanquished Creatures (others)
  3 hydras
  A spriggan berserker (Swamp:4)
  A deep elf knight (Elf:2)
  A hill giant (D:10)
  A deep elf archer (Elf:3)
  An ugly thing (D:15)
  A deep elf mage (Elf:1)
  A spiny frog (Lair:8)
  A komodo dragon (Lair:8)
  A troll (shapeshifter) (D:15)
  3 slime creatures
  A spriggan (Swamp:3)
  A hippogriff (D:10)
  A vampire mosquito (Swamp:3)
  A swamp worm (Swamp:1)
  A harpy simulacrum (IceCv)
  A swamp drake (Swamp:4)
  A wasp (Swamp:3)
  An orc wizard (Orc:1)
  An orc priest (D:6)
  A troll simulacrum (IceCv)
  A river rat (Lair:1)
  2 orcs
  A kobold (D:8)
  20 fungi
  6 plants
55 creatures vanquished.

Grand Total: 1345 creatures vanquished

Notes
Turn   | Place    | Note
--------------------------------------------------------------
     0 | D:1      | namelastname112 the Draconian Monk began the quest for the Orb.
     0 | D:1      | Reached XP level 1. HP: 19/19 MP: 1/1
     1 | D:1      | Noticed an electric eel
   221 | D:1      | Reached XP level 2. HP: 19/26 MP: 2/2
   857 | D:2      | Reached skill level 5 in Unarmed Combat
   861 | D:2      | Reached XP level 3. HP: 20/31 MP: 3/3
   886 | D:2      | Found a bloodstained altar of Trog.
   886 | D:2      | Found a shadowy altar of Dithmenos.
   946 | D:2      | Found a burning altar of Makhleb.
   948 | D:2      | Found a shimmering altar of Xom.
  1098 | D:2      | Found a sparkling altar of Nemelex Xobeh.
  1124 | D:2      | Found a radiant altar of Vehumet.
  1202 | D:2      | Found a snail-covered altar of Cheibriados.
  1650 | D:3      | Reached XP level 4. HP: 31/38 MP: 4/4
  1931 | D:3      | Reached skill level 6 in Unarmed Combat
  2158 | D:3      | Found a glowing drain.
  2159 | D:3      | Reached XP level 5. HP: 41/45 MP: 5/5
  2171 | Sewer    | Entered a sewer
  2191 | Sewer    | Noticed Purgy
  2204 | Sewer    | Killed Purgy
  2204 | Sewer    | Reached skill level 7 in Unarmed Combat
  2659 | D:3      | Reached XP level 6. HP: 51/51 MP: 6/6
  2679 | D:3      | Found a glowing golden altar of the Shining One.
  3272 | D:4      | Reached skill level 8 in Unarmed Combat
  3446 | D:4      | Found Ixtett's Food Shop.
  3880 | D:5      | Entered Level 5 of the Dungeon
  3924 | D:5      | Your scales start taking on a pale cyan-grey colour.
  3924 | D:5      | Reached XP level 7. HP: 57/57 MP: 7/7
  4113 | D:5      | Reached skill level 9 in Unarmed Combat
  4117 | D:5      | Found a blossoming altar of Fedhas.
  4227 | D:5      | Found a staircase to the Ecumenical Temple.
  4326 | D:5      | Found a runed door.
  4333 | D:5      | Found a runed door.
  4383 | D:5      | Noticed Duvessa
  4383 | D:5      | Noticed Dowan
  4397 | D:5      | Killed Duvessa
  4397 | D:5      | Reached skill level 10 in Unarmed Combat
  4397 | D:5      | Reached XP level 8. HP: 24/63 MP: 8/8
  4400 | D:5      | Killed Dowan
  4539 | Temple   | Entered the Ecumenical Temple
  4633 | Temple   | Became a worshipper of Ru the Awakened
  4647 | D:5      | Gained mutation: You are hated by all. [Ru sacrifice]
  4647 | D:5      | Reached * piety under Ru
  4728 | D:5      | Noticed Pikel
  4741 | D:5      | Killed Pikel
  4741 | D:5      | Reached skill level 11 in Unarmed Combat
  5103 | D:5      | Gained mutation: You have sharp toenails. [mutagenic meat]
  5104 | D:5      | Gained mutation: You are agile. (Dex +2) [mutagenic meat]
  5105 | D:5      | Gained mutation: Your mind is acute. (Int +2) [mutagenic meat]
  5172 | D:5      | Found a deep blue altar of Sif Muna.
  5561 | D:6      | Reached skill level 12 in Unarmed Combat
  5788 | D:6      | Reached XP level 9. HP: 70/70 MP: 9/9
  5812 | D:6      | Found a shattered altar of Ashenzari.
  6106 | D:6      | Found a glowing silver altar of Zin.
  6106 | D:6      | Found an opulent altar of Gozag.
  6541 | D:7      | Reached skill level 5 in Fighting
  7064 | D:7      | Noticed Prince Ribbit
  7076 | D:7      | Killed Prince Ribbit
  7371 | D:8      | Reached skill level 5 in Dodging
  7375 | D:8      | Gained mutation: You have somewhat slow reflexes. (EV -3) [Ru sacrifice]
  7375 | D:8      | Reached ** piety under Ru
  7411 | D:8      | Noticed utis's ghost (novice OgBe)
  7479 | D:8      | Lost mutation: You are agile. (Dex +2) [potion of mutation]
  7479 | D:8      | Lost mutation: Your mind is acute. (Int +2) [potion of mutation]
  7479 | D:8      | Gained mutation: You occasionally shout uncontrollably at your foes. [potion of mutation]
  7481 | D:8      | Gained mutation: You have a beak for a mouth. [potion of beneficial mutation]
  7484 | D:8      | Reached skill level 13 in Unarmed Combat
  7484 | D:8      | Reached XP level 10. HP: 4/90 MP: 10/10
  7490 | D:8      | HP: 4/90 [utis's ghost (14)]
  7495 | D:8      | Reached skill level 10 in Fighting
  7495 | D:8      | Reached skill level 14 in Unarmed Combat
  7495 | D:8      | Reached XP level 11. HP: 54/100 MP: 11/11
  7517 | D:8      | Killed utis's ghost
  7588 | D:8      | Found a sand-covered staircase.
  7597 | Ossuary  | Entered an ossuary
  7994 | Ossuary  | Reached XP level 12. HP: 107/107 MP: 12/12
  8482 | D:8      | Gained mutation: You sometimes yell uncontrollably at your foes. [mutagenic meat]
  8484 | D:8      | Gained mutation: You are resistant to hostile enchantments. [potion of mutation]
  8583 | D:9      | Gained mutation: Your mind is acute. (Int +2) [mutagenic meat]
  8584 | D:9      | Gained mutation: Your flesh is heat resistant. [mutagenic meat]
  8585 | D:9      | Gained mutation: You are weak. (Str -2) [mutagenic meat]
  8872 | D:9      | Found a white marble altar of Elyvilon.
  9045 | D:10     | Entered Level 10 of the Dungeon
  9119 | D:10     | Found a staircase to the Lair.
  9542 | D:10     | Reached skill level 15 in Unarmed Combat
  9574 | D:10     | Noticed Erica
  9813 | D:10     | Killed Erica
 10110 | D:10     | Noticed Grum
 10125 | D:10     | Killed Grum
 10154 | D:10     | Noticed a fire dragon
 10177 | D:10     | Killed a fire dragon
 10177 | D:10     | Reached skill level 10 in Dodging
 10415 | D:10     | Found a shadowy altar of Dithmenos.
 12194 | D:12     | Reached XP level 13. HP: 71/116 MP: 13/13
 12627 | D:11     | Gained mutation: Your body sometimes deteriorates upon taking damage. [mutagenic meat]
 13942 | D:12     | Found a staircase to the Orcish Mines.
 14372 | D:13     | Found a labyrinth entrance.
 14381 | Lab      | Entered a labyrinth
 14851 | Lab      | Noticed a minotaur
 14855 | Lab      | Identified a +1 rod of inaccuracy (13/13) (You took it off a gnoll on level 6 of the Dungeon)
 14867 | Lab      | Killed a minotaur
 14911 | Lab      | Identified Sif Muna's Almanac of Boosts
 15102 | Lab      | Identified a +7 rod of inaccuracy (13/13) (You found it in a labyrinth)
 15190 | D:13     | Noticed namelastname112's ghost (journeyman DrMo)
 15521 | D:13     | Killed namelastname112's ghost
 16048 | D:13     | Reached skill level 16 in Unarmed Combat
 16358 | D:13     | Reached skill level 1 in Evocations
 16822 | D:14     | Found an oddly glowing altar of Pakellas.
 16890 | D:14     | Lost mutation: You are weak. (Str -2) [mutagenic meat]
 16891 | D:14     | Gained mutation: Your flesh is very heat resistant. [mutagenic meat]
 16892 | D:14     | Lost mutation: Your mind is acute. (Int +2) [mutagenic meat]
 17153 | D:14     | oops
 17156 | D:14     | Karasique: зачем так долго вообще данж фармить
 17156 | D:14     | namelastname112: ну
 17156 | D:14     | Karasique: ну 12 еще норм, а дальше пиздец
 17156 | D:14     | namelastname112: я того
 17156 | D:14     | namelastname112: ливинг он зэ эдж
 17157 | D:14     | HP: 4/122 [water elemental[the player character] (22)]
 18628 | D:14     | Gained mutation: You can translocate small distances at will. [mutagenic meat]
 18975 | D:14     | namelastname112: You squash the soldier ant like the proverbial ant!!!
 18975 | D:14     | namelastname112: лул
 19008 | D:14     | Karasique: кек
 19089 | D:14     | Reached XP level 14. HP: 86/129 MP: 17/17
 19178 | D:13     | Reached skill level 5 in Evocations
 20200 | D:14     | Found a gate to the Vaults.
 20772 | D:15     | Entered Level 15 of the Dungeon
 20801 | D:15     | Lost mutation: Your body sometimes deteriorates upon taking damage. [mutagenic meat]
 20803 | D:15     | namelastname112: заебок обмутировался
 20870 | D:15     | Karasique: я на сегодняшней наге словил муток 10-12 хороших на одну плохую
 21196 | D:15     | Karasique: и все рандомными
 23053 | D:15     | Reached skill level 17 in Unarmed Combat
 23057 | D:15     | Found a staircase to the Depths.
 23117 | D:15     | Noticed a fire giant
 23119 | D:15     | Noticed an azure jelly
 23119 | D:15     | a fire giant changed into an azure jelly
 23120 | D:15     | Noticed a fire giant
 23120 | D:15     | an azure jelly changed into a fire giant
 23122 | D:15     | a fire giant changed into a dire elephant
 23134 | D:15     | Noticed a frost giant
 23134 | D:15     | an alligator snapping turtle changed into a frost giant
 23136 | D:15     | Noticed a shadow dragon
 23136 | D:15     | a frost giant changed into a shadow dragon
 23142 | D:15     | Noticed a quicksilver dragon
 23142 | D:15     | a shadow dragon changed into a quicksilver dragon
 23150 | D:15     | Noticed an apis
 23154 | D:15     | Noticed a quicksilver dragon
 23154 | D:15     | an alligator snapping turtle changed into a quicksilver dragon
 23348 | D:15     | namelastname112: ебать этот шифтер себе хд отрастил
 23355 | D:15     | Noticed a titan
 23355 | D:15     | Noticed a golden dragon
 23355 | D:15     | a titan changed into a golden dragon
 23357 | D:15     | Noticed an iron dragon
 23357 | D:15     | a golden dragon changed into an iron dragon
 23358 | D:15     | an iron dragon changed into an alligator snapping turtle
 23388 | D:15     | Noticed a storm dragon
 23388 | D:15     | a dire elephant changed into a storm dragon
 23508 | Orc:1    | Entered Level 1 of the Orcish Mines
 23597 | Orc:1    | Found a roughly hewn altar of Beogh.
 23653 | Orc:1    | Noticed an orc warlord
 23947 | D:12     | Killed an orc warlord
 24068 | D:12     | Karasique: неплохо по нему этот род попадает, я думал он хуйня
 24132 | D:12     | namelastname112: лол
 24132 | D:12     | namelastname112: это один лучший родов наверное
 24675 | Orc:1    | Found a bloodstained altar of Trog.
 24834 | Orc:2    | Entered Level 2 of the Orcish Mines
 24843 | Orc:2    | Found Nufulaz's Antique Weapon Emporium.
 25068 | Orc:2    | Found a roughly hewn altar of Beogh.
 25140 | Orc:2    | Found a roughly hewn altar of Beogh.
 25162 | Orc:2    | Found Wuowago's Book Shoppe.
 25460 | Orc:2    | Found a roughly hewn altar of Beogh.
 25536 | Orc:2    | Found a roughly hewn altar of Beogh.
 25761 | Orc:2    | Noticed Saint Roka
 25863 | Orc:2    | Killed Saint Roka
 26770 | Orc:2    | Found Uniynwyg's Antique Armour Shop.
 26771 | Orc:2    | Found a roughly hewn altar of Beogh.
 26774 | Orc:2    | Found Zemopihi's Antique Weapon Boutique.
 26779 | Orc:2    | Bought a glowing hat for 132 gold pieces
 26899 | Orc:2    | Reached XP level 15. HP: 78/138 MP: 21/21
 27043 | Orc:2    | Found a roughly hewn altar of Beogh.
 27046 | Orc:2    | Found Qourch's Armour Shop.
 27070 | Orc:2    | Bought a +0 cloak for 54 gold pieces
 27070 | Orc:2    | Bought a +1 pair of gloves of dexterity for 198 gold pieces
 27070 | Orc:2    | Bought a +2 buckler of protection for 258 gold pieces
 27195 | Orc:2    | Found a roughly hewn altar of Beogh.
 27423 | Orc:2    | Found a staircase to the Elven Halls.
 28048 | Lair:1   | Entered Level 1 of the Lair of Beasts
 28058 | Lair:1   | Noticed Urug
 28090 | Lair:1   | Reached skill level 1 in Shields
 28102 | Lair:1   | Killed Urug
 28179 | Lair:1   | Noticed Nergalle
 28189 | Lair:1   | Killed Nergalle
 28247 | Lair:1   | Gained mutation: You are somewhat unskilled (-1 Apt). [Ru sacrifice]
 28247 | Lair:1   | Reduced skill Unarmed Combat to level 16
 28247 | Lair:1   | Reached *** piety under Ru
 29287 | Lair:2   | Identified the Almanac of Vitriolic Moulding
 29303 | Lair:2   | Learned a level 6 spell: Hydra Form
 29379 | Lair:2   | Reached skill level 1 in Transmutations
 29622 | Lair:2   | Reached skill level 1 in Spellcasting
 30736 | Lair:4   | Gained mutation: You are somewhat inexperienced (-2 XL). [Ru sacrifice]
 30736 | Lair:4   | Reached XP level 14. HP: 129/129 MP: 20/20
 30736 | Lair:4   | Reached XP level 13. HP: 122/122 MP: 19/19
 30736 | Lair:4   | Reached **** piety under Ru
 31439 | Lair:4   | Found a shattered altar of Ashenzari.
 31793 | Lair:5   | Reached skill level 5 in Stealth
 32839 | Lair:5   | Gained mutation: Potions and wands are less effective at restoring your health. [Ru sacrifice]
 32839 | Lair:5   | Reached ***** piety under Ru
 33238 | Lair:6   | Found a staircase to the Swamp.
 33271 | Lair:6   | Reached XP level 14. HP: 115/129 MP: 20/20
 33288 | Lair:6   | Found a staircase to the Slime Pits.
 33589 | Lair:6   | Found a hole to the Spider Nest.
 35168 | Lair:7   | Learned a level 3 spell: Regeneration
 35512 | Lair:7   | Karasique: а чего ты стелс не отдал?
 35528 | Lair:7   | namelastname112: у меня бутс оф зэ ассасин
 35528 | Lair:7   | namelastname112: не буду я стелс с ними отдавать, лол
 35596 | Lair:8   | Entered Level 8 of the Lair of Beasts
 35610 | Lair:7   | namelastname112: You catch the helpless seven-headed hydra completely off-guard! You pummel the seven-headed hydra!!
 35610 | Lair:7   | namelastname112: ну ты понял
 35863 | Lair:7   | Karasique: на самом деле всегда проигрывал в играх со всяких МОНАХОВ, которые кулаками лупят сильнее оружия
 36033 | Lair:7   | namelastname112: ну это вообще смешно
 36033 | Lair:7   | namelastname112: я блять драконов руками убиваю
 36033 | Lair:7   | namelastname112: это как вообще
 36295 | Lair:7   | Reached skill level 5 in Transmutations
 37477 | Lair:8   | Reached skill level 5 in Spellcasting
 37726 | Lair:8   | Found a burning altar of Makhleb.
 37731 | Lair:8   | Found a gateway to Hell.
 37742 | Lair:8   | Reached XP level 15. HP: 69/136 MP: 14/23
 38558 | Elf:1    | Entered Level 1 of the Elven Halls
 39900 | Elf:1    | Found Couteol's Food Emporium.
 40435 | Elf:2    | Identified a scroll of acquirement
 40436 | Elf:2    | Got a fine shield
 40448 | Elf:2    | Identified the +2 shield of Nione {rCorr Str+3} (You acquired it on level 2 of the Elven Halls)
 42872 | Elf:2    | Found a huge runed gate.
 42872 | Elf:2    | Found a huge runed gate.
 42872 | Elf:2    | Found a huge runed gate.
 42873 | Elf:2    | Found a huge runed gate.
 42874 | Elf:2    | Found a huge runed gate.
 42910 | Elf:3    | Entered Level 3 of the Elven Halls
 42931 | Elf:3    | Reached XP level 16. HP: 85/144 MP: 27/27
 43005 | Elf:3    | Karasique: откинешься на этом этаже вангую
 43006 | Elf:3    | namelastname112: не удивлюсь
 43006 | Elf:3    | namelastname112: но я же того
 43006 | Elf:3    | namelastname112: РИСКОВЫЙ ПАРЕНЬ
 43020 | Elf:3    | Found a frozen archway.
 43037 | IceCv    | Entered an ice cave
 43323 | IceCv    | namelastname112: ну лол
 43323 | IceCv    | namelastname112: волт я чистить не буду
 43323 | IceCv    | namelastname112: там пиздец
 43323 | IceCv    | namelastname112: плюс волт уебанский в этот раз
 43323 | IceCv    | namelastname112: сраная крепость эта
 43323 | IceCv    | namelastname112: вечно с ней проблемы
 44558 | IceCv    | Karasique: тут айс финд в конце?
 44572 | IceCv    | namelastname112: либо он
 44572 | IceCv    | namelastname112: либо два близзарда
 44906 | IceCv    | namelastname112: алсо вангую говно вместо лута
 44962 | IceCv    | Noticed an Ice Fiend
 44965 | IceCv    | Killed an Ice Fiend
 44992 | IceCv    | Karasique: хотел сказать ты сперва ебни его, но ты же с рю
 44992 | IceCv    | Gained mutation: You are dopey. (Int -2) [Ru sacrifice]
 45032 | IceCv    | namelastname112: ну
 45032 | IceCv    | namelastname112: хоть клока
 45032 | IceCv    | namelastname112: и то хорошо
 45053 | Elf:3    | Noticed Noname's ghost (veteran GrMo)
 45067 | Elf:3    | Karasique: там фулл ац
 45557 | Swamp:1  | Entered Level 1 of the Swamp
 45578 | Swamp:1  | Reached skill level 10 in Stealth
 45924 | Swamp:1  | namelastname112: ммм
 46575 | Swamp:1  | Learned a level 1 spell: Apportation
 46723 | Swamp:1  | Noticed a thorn hunter
 46806 | Swamp:1  | Killed a thorn hunter
 47177 | Swamp:1  | namelastname112: без рпоза свамп такой надоедливый
 47177 | Swamp:1  | namelastname112: а у меня еще и говно вместо дефенсов
 47566 | Swamp:1  | Karasique: ну посливай свои ванды которые ты выбрасываешь все равно
 47950 | Swamp:2  | namelastname112: да они писечку урона делают
 47986 | Swamp:2  | HP: 7/144 [poison (poison gas)]
 47991 | Swamp:2  | HP: 6/144 [poison (poison gas)]
 47997 | Swamp:2  | HP: 5/144 [poison (poison gas)]
 48005 | Swamp:2  | HP: 6/144 [poison (poison gas)]
 48013 | Swamp:2  | HP: 7/144 [poison (poison gas)]
 48207 | Swamp:2  | Karasique: ну пока к тебе кто-то бежит ты 4 запа сделаешь
 48217 | Swamp:2  | Karasique: писечка х4
 48230 | Swamp:2  | Karasique: уже неблохо
 48633 | Swamp:2  | Karasique: алсо ледяной ванд их по идее замедлить может
 48667 | Swamp:2  | Reached skill level 10 in Transmutations
 49061 | Swamp:2  | namelastname112: мне бы форму
 49954 | Swamp:2  | namelastname112: заебись
 50330 | Swamp:2  | namelastname112: спеллпавер не завезли
 50449 | Swamp:3  | Karasique: ну там хотя бы клив есть
 50538 | Swamp:3  | Karasique: да, вот так всегда
 50538 | Swamp:3  | namelastname112: хороший теле
 51796 | Swamp:3  | Noticed Nikola
 51836 | Swamp:3  | Killed Nikola
 52402 | Swamp:4  | Entered Level 4 of the Swamp
 52802 | Swamp:4  | Reached XP level 17. HP: 86/150 MP: 22/29
 56101 | Swamp:4  | namelastname112: какая же блять срань бесполезная эта гидра
 56101 | Swamp:4  | namelastname112: пиздос
 56107 | Swamp:4  | Mangled by an alligator

Vault maps used:
D:1:      arrival_aquarium_a, roderic_filled_cross, minmay_misc_feat_square
D:2:      grunt_temple_overflow_open, marbit_many_paths,
          nicolae_overflow_hidden_temple, gammafunk_temple_overflow_wave,
          lemuel_round_altar
D:3:      tso_oasis_becter, portal_sewer_entry_e
D:4:      first_bread, serial_shops, nicolae_shop_crystal
D:5:      lemuel_insect_pit, old_standard_altar, lemuel_round_altar,
          minmay_temple_entry_overgrown, moated_statue, uniq_pikel, uniq_duvessa
D:6:      grunt_temple_overflow_gold_and_silver, nicolae_overflow_crystal_walls
D:7:      uniq_prince_ribbit1
D:8:      nicolae_ossuary_entry_ruins, special_room
D:9:      lemuel_doored_altar, hangedman_tell_no_tales
D:10:     dragon1_lemuel, dpeg_lair_monsters, basic_altar, uniq_grum, uniq_erica
D:12:     orc_0_dummy
D:13:     lab_entry_generic, kennysheep_generic_room_11
D:14:     david_vaults_5, kennysheep_cross_room, grunt_pakellas_salt
D:15:     gammafunk_enter_depths_forms, hangedman_decor_slide_cut
Temple:   circular_temple_6
Lair:1:   uniq_urug, uniq_nergalle
Lair:2:   beast_lair_carwin_5
Lair:3:   lemuel_fruit_tree
Lair:4:   beast_lair_carwin_large_2, basic_altar, special_room,
          nicolae_quartered_pool_super
Lair:5:   lemuel_ratsnest, serial_bayou_lake_a, infiniplex_staircase_pool_2,
          grunt_megastairs_2
Lair:6:   swamp_mist, nicolae_spider_entry_tight_spaces,
          minmay_slime_entry_pillars, beast_lair_carwin_2
Lair:7:   grunt_forest_small_clearings
Lair:8:   evil_forest, small_statue_intersection, st_stairs_10,
          grunt_forest_large_clearings
Swamp:1:  evilmike_swamp_ruin_house_2, swamp_pool4
Swamp:2:  serial_swamp_ruin, evilmike_swamp_ruin_wall,
          hangedman_swamp_ruin_wall, evilmike_swamp_ruin_house_4, swamp_pool2,
          nicolae_swamp_very_dense_foliage
Swamp:3:  evilmike_swamp_ruin_house_1, uniq_nikola
Swamp:4:  swamp_basic_johnstein
Orc:1:    basic_altar, trog_hazing_becter
Orc:2:    grunt_orc_community_town_hall, grunt_orc_community_big_house_1,
          grunt_orc_community_big_house_2, grunt_orc_community_house_1,
          grunt_orc_community_house_1, grunt_orc_community_house_3,
          grunt_orc_community_house_1, grunt_orc_community_house_2,
          grunt_orc_community_house_2, serial_shops, shop,
          nicolae_orc_stony_grotto
Elf:1:    minmay_elf_arrival_circle, serial_shops, nicolae_shop_waterfront,
          evilmike_minifort
Elf:2:    stair_cage_cross
Elf:3:    minmay_elf_hall, portal_ice_cave_entry_frozen_things
Lab:      labyrinth_green, labyrinth_fake_exit, nicolae_lab_t_cross, lab_statue,
          nicolae_lab_lava
Sewer:    kennysheep_door_sewer
Ossuary:  ossuary_minmay_chase
IceCv:    ice_cave_caverns_01

Skill      XL: |  1  2  3  4  5  6  7  8  9 10 11 12 13 14 15 16 17 |
---------------+----------------------------------------------------+-----
Unarmed Combat | 5 6 7 8 10 12 13 14 15 16 17 16 | 16.3
Dodging        | 7 8 10 11 12 11 | 11.3
Fighting       | 8 10 12 13 14 13 | 13.3
Evocations     | 4 8 |  8.0
Shields        | 4 3 |  4.3
Stealth        | 5 7 9 11 | 11.0
Transmutations | 3 6 8 11 12 | 12.6
Spellcasting   | 2 5 7 8 |  8.8

Action                   |  1- 3 |  4- 6 |  7- 9 | 10-12 | 13-15 | 16-18 || total
-------------------------+-------+-------+-------+-------+-------+-------++-------
Melee: Unarmed           |   124 |   177 |   316 |   485 |  2711 |  1245 ||  5058
Throw: Throwing net      |       |       |       |       |     2 |       ||     2
 Cast: Hydra Form        |       |       |       |       |       |    10 ||    10
Invok: Sacrifice Love    |       |       |     1 |       |       |       ||     1
       Sacrifice Health  |       |       |     1 |       |       |       ||     1
       Reject Sacrifices |       |       |       |     1 |     2 |       ||     3
       Power Leap        |       |       |       |       |     3 |     5 ||     8
       Sacrifice Purity  |       |       |       |       |     1 |     1 ||     2
       Sacrifice Experie |       |       |       |       |     1 |       ||     1
       Apocalypse        |       |       |       |       |     3 |     5 ||     8
       Draw Out Power    |       |       |       |       |     4 |     3 ||     7
       Sacrifice Skill   |       |       |       |       |     1 |       ||     1
 Abil: Breathe Steam     |       |       |    15 |    13 |    84 |    15 ||   127
Evoke: Rod               |       |       |       |       |    46 |       ||    46
       Phial of floods   |       |       |       |       |     1 |       ||     1
       Wand              |       |       |       |       |       |     9 ||     9
  Use: Scroll            |       |     5 |     3 |    16 |    16 |     3 ||    43
       Potion            |       |       |     6 |     7 |    12 |     5 ||    30
 Stab: Sleeping          |     4 |     5 |     4 |     6 |    28 |     3 ||    50
       Distracted        |       |       |     2 |     1 |    26 |    17 ||    46
       Invisible         |       |       |       |       |    30 |    35 ||    65
       Held in net/web   |       |       |       |       |     1 |       ||     1
       Paralysed         |       |       |       |       |     6 |     7 ||    13
  Eat: Beef jerky        |     1 |     1 |       |     1 |     3 |     3 ||     9
       Chunk             |       |     6 |    17 |    18 |    95 |     6 ||   142
       Royal jelly       |       |       |       |     1 |     4 |    11 ||    16
       Pizza             |       |       |       |     2 |     4 |       ||     6
       Meat ration       |       |       |       |       |     2 |     3 ||     5
       Fruit             |       |       |       |       |     1 |     3 ||     4
